 Dungeon Crawl Stone Soup version 0.18.1-1-g2f07953 (webtiles) character file.

52 Wooh the Sneak (level 4, -1/26 HPs)
             Began as a Kobold Assassin on May 8, 2016.
             Killed from afar by Sigmund (11 damage)
             ... with a puff of flame
             ... on level 2 of the Dungeon.
             The game lasted 00:03:40 (1005 turns).

Wooh the Sneak (Kobold Assassin)                    Turns: 1005, Time: 00:03:41

Health: -1/26      AC:  3    Str:  9    XL:     4   Next: 8%
Magic:  4/4        EV:  9    Int:  9    God:
Gold:   56         SH:  0    Dex: 18    Spells: 0 memorised, 3 levels left

rFire  . . .     SeeInvis .     a - +1 dagger (drain)
rCold  . . .     Gourm    .     c - +0 robe
rNeg   . . .     Faith    .     (shield restricted)
rPois  .         Spirit   .     (no helmet)
rElec  .         Dismiss  .     d - +0 cloak
rCorr  .         Reflect  .     (no gloves)
SustAt .         Harm     .     (no boots)
MR     .....                    (no amulet)
Stlth  +++.......               (no ring)
                                (no ring)

@: not resistant to hostile enchantments, fairly stealthy
A: carnivore 3
a: no special abilities


You were on level 2 of the Dungeon.
You were very full.

You visited 1 branch of the dungeon, and saw 2 of its levels.

You collected 56 gold pieces.

Inventory:

Hand Weapons
 a - a +1 dagger of draining (weapon)
 b - a +0 blowgun
Missiles
 e - 8 poisoned needles
 f - 2 curare-tipped needles
Armour
 c - a +0 robe (worn)
 d - a +0 cloak (worn)
 h - a +1 leather armour of poison resistance
 l - a +0 buckler
Scrolls
 j - a scroll of enchant armour {unknown}
 k - a scroll of noise {unknown}
 m - a scroll of remove curse {unknown}
 o - 4 scrolls of identify {unknown}
 p - a scroll of amnesia {unknown}
Potions
 i - a potion of resistance {unknown}
 n - 2 potions of might {unknown}
 r - a potion of lignification {unknown}
Comestibles
 g - a meat ration
 q - 4 chunks of flesh


   Skills:
 - Level 2.1 Fighting
 + Level 5.3 Short Blades
 - Level 2.1 Throwing
 - Level 1.2 Dodging
 - Level 5.3 Stealth


You had 3 spell levels left.
You didn't know any spells.

Dungeon Overview and Level Annotations

Branches:
Dungeon (2/15)

Altars:

Annotations:
D:2 Sigmund


Innate Abilities, Weirdness & Mutations

You are small and have problems with some larger weapons.
You are carnivorous and can eat meat at any time.


Message History

There is a stone staircase leading up here.
Found 16 gold pieces.
A jackal comes into view.
You closely miss the jackal.
The jackal barks! x2; You hear a shout! x2
You hit the jackal. You drain the jackal!
You kill the jackal!
A kobold and Sigmund come into view.
You closely miss the jackal.
The kobold moves out of view.
The jackal bites you.
You hit the jackal. You drain the jackal!
You kill the jackal!
Sigmund gestures at you while chanting. The magic dart hits you!
Sigmund gestures at you while chanting. The magic dart hits you!
There is a stone staircase leading up here.
Sigmund casts a spell at you. The puff of flame hits you!
You die...

#.......# #.#
#.......# #.#
#.......# #.#
#######.# #.#
#.###.#
#..##.##
##.....#
#..#..#
#..@..#
#.....#
#.#...#
#.#.>.#
#.#...†$.....
#.#....#.....
#.#....# ####
#..@.# #....#


You could see Sigmund.

Vanquished Creatures
  An adder (D:2)
  An ooze (D:1)
  2 dart slugs (D:1)
  A giant gecko (D:1)
  5 bats
  2 giant cockroaches (D:1)
  A goblin (D:1)
  6 hobgoblins
  2 jackals (D:2)
  2 quokkas (D:2)
  A giant newt (D:1)
  4 kobolds
  2 rats (D:1)
30 creatures vanquished.

Notes
Turn   | Place    | Note
--------------------------------------------------------------
     0 | D:1      | Wooh the Kobold Assassin began the quest for the Orb.
     0 | D:1      | Reached XP level 1. HP: 12/12 MP: 1/1
   137 | D:1      | Reached XP level 2. HP: 13/17 MP: 2/2
   340 | D:1      | Reached XP level 3. HP: 21/21 MP: 3/3
   776 | D:2      | Reached skill level 5 in Short Blades
   895 | D:2      | Reached XP level 4. HP: 25/26 MP: 4/4
  1000 | D:2      | Noticed Sigmund
  1005 | D:2      | Killed from afar by Sigmund

Skill      XL: |  1  2  3 |
---------------+----------+-----
Short Blades   | 3 4 5 |  5.3
Fighting       | |  2.1
Throwing       | |  2.1
Dodging        | |  1.2
Stealth        | |  5.3

Action                   |  1- 3 |  4- 6 || total
-------------------------+-------+-------++-------
Melee: Dagger            |    61 |     9 ||    70
 Fire: Blowgun           |     4 |       ||     4
 Stab: Sleeping          |    10 |       ||    10
  Eat: Chunk             |     7 |       ||     7
Armor: Robe              |     6 |       ||     6
Dodge: Dodged            |    27 |     3 ||    30
